 Dungeon Crawl Stone Soup version 0.31.0-9-g3a7656b989 (webtiles) character file.

Game seed: 3713778252623261631

366908 groovy9 the Eclecticist (level 23, -33/178 HPs)
             Began as a Djinni Conjurer on Jan 24, 2024.
             Was the Champion of Makhleb.
             Annihilated by a rockslime (43 damage)
             ... on level 5 of the Lair of Beasts.
             The game lasted 02:52:42 (38785 turns).

groovy9 the Eclecticist (Djinni Conjurer)          Turns: 38785, Time: 02:52:42

Health: -33/178    AC: 15    Str: 11    XL:     23   Next: 62%
Gold:   3616       EV: 20    Int: 28    God:    Makhleb [******] SH: 29 Dex: 15

rFire   + + +        y - staff of conjuration
rCold   + . .        Q - +4 tower shield
rNeg    + + +        J - +5 robe of Past Mistakes {rC+ Regen+ Dex-2 Slay+6}
rPois   ∞            u - +2 hat
rElec   .            x - +2 cloak
rCorr   .            R - +2 pair of gloves "Weklyvaa" {Harm rF+ Str+5 Int-3}
SInv    +            (boots unavailable)
Will    +++..        v - amulet of reflection
Stlth   +            G - ring "Keixtise" {Wiz Will+ SInv Stlth-}
HPRegen 1.29/turn    S - ring "Zenlunopt" {rC+ rN+++ Dex+5}
MPRegen 0.00/turn

%: harm (+30% outgoing, +20% incoming), reflection, wizardry (x1), infuse magic
(-34 HP)
@: flying
A: sickness immunity, fire resistance 2, cold vulnerability 1, float, innate
caster, HP casting, extra vitality 1
}: 2/15 runes: serpentine, barnacled
a: Renounce Religion, Minor Destruction, Lesser Servant of Makhleb, Major
Destruction, Greater Servant of Makhleb


You were on level 5 of the Lair of Beasts.
You worshipped Makhleb.
Makhleb was exalted by your worship.
You visited 9 branches of the dungeon, and saw 40 of its levels.
You visited 2 bazaars.

You collected 5867 gold pieces.
You spent 2251 gold pieces at shops.

Inventory:

Hand Weapons
 K - the +9 shortbow "Lixu" {drain, rF+ Will+}
   (You took it off an orc on level 6 of the Dungeon)

   rF+:       It protects you from fire.
   Will+:     It increases your willpower.
 N - a +4 vampiric war axe
Armour
 p - a +1 pair of gloves
 s - a +0 kite shield of cold resistance
 u - a +2 hat (worn)
 x - a +2 cloak (worn)
 I - the +2 ring mail of Byufoock {rElec rF+ Str-3}
   (You found it on level 2 of the Vaults)

   Str-3:     It affects your strength (-3).
   rF+:       It protects you from fire.
   rElec:     It insulates you from electricity.
 J - the +5 robe of Past Mistakes (worn) {rC+ Regen+ Dex-2 Slay+6}
   (You found it on level 8 of the Dungeon)

   Dex-2:     It affects your dexterity (-2).
   Slay+6:    It affects your accuracy & damage with ranged weapons and melee
   (+6).
   rC+:       It protects you from cold.
   Regen+:    It increases your rate of health regeneration.
 Q - a +4 tower shield (worn)
 R - the +2 pair of gloves "Weklyvaa" (worn) {Harm rF+ Str+5 Int-3}
   (You bought it in a shop in a bazaar)

   Str+5:     It affects your strength (+5).
   Int-3:     It affects your intelligence (-3).
   rF+:       It protects you from fire.
   Harm:      It increases damage dealt and taken.
 X - the +4 Cigotuvi's embrace {Corpsefed rMiasma ^Drain rN+}
   (You found it on level 14 of the Dungeon)

   Corpsefed: It gathers nearby corpses to temporarily increase the armour it
   provides.
   rMiasma:   It protects you from foul pestilence.
   rN+:       It protects you from negative energy.
   ^Drain:    It drains your maximum health when unequipped.
Magical Staves
 n - a staff of earth
 r - a staff of fire
 y - a staff of conjuration (weapon)
Jewellery
 e - the ring of the Sky {Wiz rC++ rN+ rCorr}
   (You found it on level 1 of the Lair of Beasts)

   [ring of wizardry]

   Wiz:       It improves your spell success rate.
   rC++:      It greatly protects you from cold.
   rN+:       It protects you from negative energy.
   rCorr:     It protects you from acid and corrosion.
 k - the ring of the Blushing Traitor {rPois Will++}
   (You found it on level 10 of the Dungeon)

   [ring of poison resistance]

   rPois:     It protects you from poison Will++: It greatly increases your
   willpower.
 v - an amulet of reflection (around neck)
 G - the ring "Keixtise" (left hand) {Wiz Will+ SInv Stlth-}
   (You found it on level 8 of the Dungeon)

   [ring of wizardry]

   Wiz:       It improves your spell success rate.
   Will+:     It increases your willpower.
   SInv:      It lets you see invisible.
   Stlth-:    It makes you less stealthy.
 S - the ring "Zenlunopt" (right hand) {rC+ rN+++ Dex+5}
   (You found it on level 3 of the Elven Halls)

   [ring of protection from cold]

   Dex+5:     It affects your dexterity (+5).
   rC+:       It protects you from cold.
   rN+++:     It renders you almost immune to negative energy.
Wands
 o - a wand of digging (12)
Scrolls
 a - a scroll of vulnerability
 c - 6 scrolls of fear
 d - 6 scrolls of revelation
 f - a scroll of silence
 h - 22 scrolls of teleportation
 m - 6 scrolls of noise
 z - 22 scrolls of identify
 A - 9 scrolls of enchant weapon
 B - 10 scrolls of blinking
 E - 7 scrolls of fog
 L - a scroll of brand weapon
 M - 10 scrolls of immolation
 P - 5 scrolls of poison
 Y - a scroll of summoning
Potions
 b - 7 potions of lignification
 g - 18 potions of curing
 i - 4 potions of resistance
 j - 4 potions of berserk rage
 l - 14 potions of heal wounds
 q - 2 potions of mutation
 t - 8 potions of ambrosia
 C - 6 potions of might
 F - 9 potions of brilliance
 O - 9 potions of cancellation
 T - 4 potions of invisibility
 U - a potion of enlightenment
 V - 6 potions of attraction
 Z - 6 potions of haste
Miscellaneous
 w - a box of beasts
 D - a tin of tremorstones (2/2)
 H - a phantom mirror
 W - a phial of floods


   Skills:
 + Level 19.3 Fighting
 + Level 19.0 Dodging
 - Level 1.5 Stealth
 + Level 17.4 Shields
 * Level 20.5 Spellcasting
 * Level 20.5 Conjurations
 * Level 20.5 Hexes
 * Level 20.5 Summonings
 * Level 20.5 Necromancy
 * Level 20.5 Translocations
 * Level 20.5 Fire Magic
 * Level 20.5 Ice Magic
 * Level 20.5 Air Magic
 * Level 20.5 Earth Magic
 * Level 20.5 Alchemy


You knew the following spells:

 Your Spells              Type           Power      Damage    Failure   Level
a - Magic Dart            Conj           100%       1d8       0%          1
b - Searing Ray           Conj           100%       2d8       0%          2
c - Fulminant Prism       Conj/Alch      60%        3d26      0%          4
d - Iskenderun's Mystic   Conj/Tloc      100%       2d19      0%          4
e - Freeze                Ice            100%       1d10      0%          1
f - Call Imp              Summ           100%       N/A       0%          2
g - Call Canine Familiar  Summ           97%        N/A       0%          3
h - Summon Ice Beast      Ice/Summ       97%        N/A       0%          3
i - Animate Armour        Summ/Erth      100%       N/A       0%          4
j - Fireball              Conj/Fire      60%        3d23      1%          5
k - Sculpt Simulacrum     Ice/Alch       48%        N/A       1%          6
l - Plasma Beam           Fire/Air       48%        2x1d63    1%          6
m - Bombard               Conj/Erth      60%        9d10      1%          6
n - Infestation           Necr           48%        N/A       2%          8
o - Ozocubu's Refrigerat  Ice            48%        4d18      1%          7
Your spell library was empty.

Dungeon Overview and Level Annotations

Branches:
Dungeon (15/15)            Temple (1/1) D:4            Lair (5/5) D:9
 Shoals (4/4) Lair:2        Snake (4/4) Lair:2        Slime (2/5) Lair:5
    Orc (2/2) D:10            Elf (3/3) Orc:2        Vaults (4/5) D:13
  Crypt (0/3) Vaults:3     Depths (0/4) D:15

Altars:
Ashenzari
Cheibriados
Dithmenos
Elyvilon
Fedhas
Gozag
Hepliaklqana
Makhleb
Nemelex Xobeh
Okawaru
Qazlal
Ru
Trog
Uskayaw
Wu Jian
Xom
Yredelemnul
Zin
The Shining One
Jiyva

Shops:
D:1 [   D:11 !   D:13 ?   Orc:1 (   Orc:2 =*[(   Elf:3 (   Shoals:1 *[
Vaults:4 (

Annotations:
D:9 glass room


Innate Abilities, Weirdness & Mutations

You are immune to sickness and miasma.
You are immune to poison.
Your flesh is very heat resistant. (rF++)
You are vulnerable to cold. (rC-)
You float through the air rather than walking.
You learn spells naturally, not from books.
Your magical power is your life essence.
You have superior vitality. (+4 MHP)


Message History

You resist with almost no effort. The rockslime closely misses you.
You block the rockslime's attack. The acid blob spits acid at you.
The splash of acid hits you!!
* * * LOW HITPOINT WARNING * * *
You fly upwards.
Welcome back to the Lair of Beasts!
There is a staircase to the Slime Pits here.
Casting: Iskenderun's Mystic Blast (safe; 0% risk of failure)
Confirm with . or Enter, or press ? or * to list all spells.
You feel a surge of power!
You erupt in a blast of force!
The mystic blast hits the rockslime but does no damage.
The rockslime is severely wounded.
The mystic blast hits the rockslime.
The rockslime is lightly wounded.
The rockslime is knocked back by the mystic blast.
The rockslime slams into the rock wall!
* * * LOW HITPOINT WARNING * * *
You block the rockslime's attack.
Casting: Iskenderun's Mystic Blast (safe; 0% risk of failure)
Confirm with . or Enter, or press ? or * to list all spells.
You feel a surge of power!
You erupt in a blast of force!
The mystic blast hits the rockslime!!
The rockslime is heavily wounded.
The rockslime is knocked back by the mystic blast.
The rockslime slams into the rock wall!
The rockslime is severely wounded.
The mystic blast hits the rockslime!
The rockslime is almost dead.
* * * LOW HITPOINT WARNING * * *
You block the rockslime's attack.
Casting: Iskenderun's Mystic Blast (safe; 0% risk of failure)
Confirm with . or Enter, or press ? or * to list all spells.
You feel a surge of power!
You erupt in a blast of force!
The mystic blast hits the rockslime but does no damage.
The rockslime is almost dead.
The mystic blast hits the rockslime but does no damage.
The rockslime is severely wounded.
* * * LOW HITPOINT WARNING * * *
The rockslime hits you!!!
You die...

...## #..............#
...####.........##..##
...##.......######.##
..##........# #<#
.###.....#### ###
###.....## ###
#.......# ##.####
........## #J....#
.......#.## #.@J.##
..........## #.....#
...........## ##._..#
............## #....##
.............####....#
..............###....#
..............##.#...#
.......:..##...###...#
..........##....###..#


You could see 2 rockslimes.

Vanquished Creatures
  Saint Roka (Snake:3)
  Bai Suzhen (Elf:3)
  Zenata (Vaults:3)
  Jorgrun (Shoals:1)
  2 deep elf master archers (Elf:3)
  3 deep elf blademasters (Elf:3)
  5 sphinxes
  An ancient champion (Vaults:3)
  Polyphemus (Shoals:3)
  Ilsuiw (Shoals:2)
  2 fire giants
  6 nagarajas
  An iron dragon (Vaults:3)
  6 deep elf sorcerers (Elf:3)
  7 vault wardens
  3 deep elf elementalists (Elf:3)
  17 ironbound preservers
  An angel (Shoals:4)
  A caustic shrike skeleton (D:14)
  2 orc warlords (Orc:2)
  A quicksilver ooze (Slime:2)
  9 ironbound thunderhulks
  2 formless jellyfish
  Nessos (Lair:3)
  6 deep elf demonologists
  2 war gargoyles
  7 dire elephants
  4 deep elf death magi (Elf:3)
  8 deep elf annihilators (Elf:3)
  2 eidola (Vaults:3)
  6 yaktaur captains
  2 great orbs of eyes
  10 merfolk javelineers
  Harold (D:9)
  5 deep elf high priests
  3 entropy weavers
  9 merfolk impalers
  Josephine (D:10)
  Fannar (Orc:1)
  8 vault guards
  Erolcha (Orc:1)
  A peacekeeper (Vaults:2)
  A salamander tyrant (Snake:4)
  11 centaur warriors
  12 hydras
  Erica (D:9)
  2 ice dragons
  4 catoblepae
  3 alligator snapping turtles
  31 dancing weapons
  A merfolk avatar (Shoals:2)
  10 anacondas
  12 death yaks
  10 ironbound frosthearts
  4 two-headed ogres
  3 satyrs
  5 merfolk aquamancers (Shoals:4)
  2 boulder beetles (Lair:5)
  8 naga warriors
  A holy swine (Shoals:4)
  4 orc high priests
  8 shock serpents
  8 naga sharpshooters
  3 soul eaters (D:14)
  Nergalle (Lair:1)
  19 deep elf knights
  5 skysharks
  Amaemon (D:11)
  10 sea snakes
  7 salamander mystics
  3 cherubim (Shoals:4)
  46 deep trolls
  14 mana vipers
  5 naga ritualists
  20 lindwurms
  8 arcanists
  17 harpies
  A tengu zombie (Vaults:2)
  14 deep elf archers
  13 ironbound convokers
  A phantasmal warrior (Vaults:3)
  37 deep elf pyromancers
  6 orc knights
  28 deep elf zephyrmancers
  3 wolf spiders
  Pikel (D:6)
  16 ugly things
  2 necromancers (Vaults:2)
  3 stone giant zombies
  6 orc sorcerers
  2 tengu skeletons (D:14)
  15 manticores
  5 cyclopes
  14 fauns
  10 salamanders
  3 oklob plants (Lair:5)
  A fire giant skeleton (D:14)
  6 elephants
  Joseph (D:7)
  19 vault sentinels
  11 merfolk sirens
  39 black mambas
  A stone giant skeleton (D:14)
  7 guardian serpents
  4 naga magi
  2 kobold blastminers (Orc:1)
  3 water nymphs
  11 cane toads
  7 torpor snails
  An orange demon (D:11)
  Maggie (Lair:1)
  A gargoyle (D:10)
  An elf skeleton (Vaults:2)
  7 rime drakes
  2 unseen horrors
  An unseen horror (shapeshifter) (D:15)
  11 komodo dragons
  29 yaktaurs
  A freezing wraith (Vaults:3)
  2 kobold demonologists
  An efreet (D:9)
  A human zombie (Vaults:2)
  16 merfolk
  10 hornets
  2 polar bears (Lair:3)
  10 trolls
  A queen bee (Lair:2)
  4 wind drakes
  3 tyrant leeches (Lair:5)
  A polar bear (shapeshifter) (D:13)
  2 ettin zombies (Vaults:2)
  18 blink frogs
  A spriggan zombie (D:14)
  11 dream sheep
  A human simulacrum (Vaults:2)
  A snapping turtle (shapeshifter) (D:15)
  5 snapping turtles
  A jumping spider (Vaults:3)
  9 water elementals
  25 slime creatures
  2 ettin skeletons
  Sigmund (D:3)
  An elf zombie (Vaults:2)
  A shadow (D:12)
  56 yaks
  3 air elementals
  Eustachio (D:6)
  8 wyverns
  8 wargs
  7 wraiths
  Grum (D:9)
  A human (D:10)
  5 basilisks
  2 steam dragons
  5 fire elementals
  6 redbacks
  24 nagas
  5 vampire mosquitoes (D:13)
  19 water moccasins
  An acid dragon (D:11)
  37 orc warriors
  A glowing shapeshifter skeleton (D:14)
  2 sky beasts (D:6)
  An ice beast (D:7)
  5 black bears
  An ettin simulacrum (Vaults:2)
  28 centaurs
  11 ogres
  A boggart (Vaults:3)
  26 wolves
  2 kobold brigands
  Blork the orc (D:6)
  10 bullfrogs
  3 earth elementals
  2 gnoll sergeants (D:8)
  A scorpion (D:6)
  4 wights (D:7)
  28 killer bees
  3 electric eels (Elf:3)
  6 howler monkeys
  19 orc priests
  3 bombardier beetles
  A gnoll bouda (D:5)
  3 jellies
  2 sleepcaps (D:7)
  5 iguanas
  Ijyb (D:3)
  25 orc wizards
  4 hell rats (Lair:5)
  12 gnolls
  13 adders
  A shadow imp (D:8)
  A white imp (D:8)
  An ufetubus (D:6)
  2 dart slugs
  2 ribbon worms (D:4)
  79 orcs
  7 ball pythons
  3 endoplasms
  4 giant cockroaches
  8 goblins
  3 hobgoblins
  9 jackals
  13 kobolds
  2 quokkas
  3 bats
  2 rats
1483 creatures vanquished.

Vanquished Creatures (collateral kills)
  An orc (D:6)
1 creature vanquished.

Vanquished Creatures (others)
  A merfolk aquamancer (Shoals:4)
  62 fulminant prisms
63 creatures vanquished.

Grand Total: 1547 creatures vanquished

Notes
Turn   | Place    | Note
-------+----------+-------------------------------------------
     0 | D:1      | groovy9 the Djinni Conjurer began the quest for the Orb.
     0 | D:1      | groovy9 set off with the following spells memorised: Magic
                  | Dart, Searing Ray, Fulminant Prism, Iskenderun's Mystic
                  | Blast.
     0 | D:1      | Reached XP level 1. HP: 15/15 MP: 0/0
    92 | D:1      | Found Uqomiov's Antique Armour Shop.
   309 | D:1      | Reached XP level 2. HP: 15/22 MP: 0/0
   733 | D:2      | Reached skill level 1 in Fighting
   884 | D:2      | Reached XP level 3. HP: 21/27 MP: 0/0
   884 | D:2      | Learned a level 1 spell: Freeze
  1424 | D:2      | Reached XP level 4. HP: 31/32 MP: 0/0
  1739 | D:3      | Noticed Sigmund
  1749 | D:3      | Killed Sigmund
  1750 | D:3      | Reached skill level 5 in Spellcasting
  1750 | D:3      | Reached skill level 5 in Conjurations
  1750 | D:3      | Reached skill level 5 in Hexes
  1750 | D:3      | Reached skill level 5 in Summonings
  1750 | D:3      | Reached skill level 5 in Necromancy
  1750 | D:3      | Reached skill level 5 in Translocations
  1750 | D:3      | Reached skill level 5 in Fire Magic
  1750 | D:3      | Reached skill level 5 in Ice Magic
  1750 | D:3      | Reached skill level 5 in Air Magic
  1750 | D:3      | Reached skill level 5 in Earth Magic
  1750 | D:3      | Reached skill level 5 in Alchemy
  1750 | D:3      | Reached XP level 5. HP: 8/40 MP: 0/0
  1750 | D:3      | Learned a level 2 spell: Call Imp
  1750 | D:3      | Reached XP level 6. HP: 9/46 MP: 0/0
  1967 | D:3      | Noticed Ijyb
  1972 | D:3      | Killed Ijyb
  2596 | D:4      | Found a staircase to the Ecumenical Temple.
  2603 | D:4      | Reached XP level 7. HP: 21/50 MP: 0/0
  2603 | D:4      | Learned a level 3 spell: Call Canine Familiar
  2611 | Temple   | Entered the Ecumenical Temple
  2619 | Temple   | Became a worshipper of Makhleb the Destroyer
  3086 | D:4      | Found a shadowy altar of Dithmenos.
  3101 | D:4      | Found a stormy altar of Qazlal.
  3712 | D:5      | Entered Level 5 of the Dungeon
  3767 | D:5      | Reached * piety under Makhleb
  3822 | D:5      | Reached XP level 8. HP: 17/58 MP: 0/0
  4936 | D:5      | Reached skill level 5 in Fighting
  5657 | D:6      | Noticed Pikel
  5664 | D:6      | Killed Pikel
  5665 | D:6      | Reached XP level 9. HP: 37/66 MP: 0/0
  5665 | D:6      | Learned a level 3 spell: Summon Ice Beast
  5954 | D:6      | Noticed Eustachio
  5962 | D:6      | Killed Eustachio
  6089 | D:6      | Found an opulent altar of Gozag.
  6398 | D:6      | Reached ** piety under Makhleb
  6673 | D:6      | Noticed Blork the orc
  6677 | D:6      | Killed Blork the orc
  6733 | D:6      | Identified the +9 shortbow "Lixu" {drain, rF+ Will+}
  6914 | D:6      | Found a sacrificial altar of Ru.
  6932 | D:6      | Reached XP level 10. HP: 73/75 MP: 0/0
  7496 | D:7      | Noticed Joseph
  7508 | D:7      | Killed Joseph
  7509 | D:7      | Reached skill level 10 in Spellcasting
  7509 | D:7      | Reached skill level 10 in Conjurations
  7509 | D:7      | Reached skill level 10 in Hexes
  7509 | D:7      | Reached skill level 10 in Summonings
  7509 | D:7      | Reached skill level 10 in Necromancy
  7509 | D:7      | Reached skill level 10 in Translocations
  7509 | D:7      | Reached skill level 10 in Fire Magic
  7509 | D:7      | Reached skill level 10 in Ice Magic
  7509 | D:7      | Reached skill level 10 in Air Magic
  7509 | D:7      | Reached skill level 10 in Earth Magic
  7509 | D:7      | Reached skill level 10 in Alchemy
  8717 | D:8      | Noticed a wolf spider
  8719 | D:8      | Noticed a cyclops
  8722 | D:8      | Killed a cyclops
  8730 | D:8      | Killed a wolf spider
  8733 | D:8      | Identified the +5 falchion "Wipemny" {flame, rN+ Will-
                  | Int-5 Dex+8}
  8739 | D:8      | Identified the ring "Keixtise" {Wiz Will+ SInv Stlth-}
  8785 | D:8      | Reached XP level 11. HP: 74/82 MP: 0/0
  8785 | D:8      | Learned a level 4 spell: Animate Armour
  9033 | D:8      | Identified the +5 robe of Past Mistakes {rC+ Regen+ Dex-2
                  | Slay+6}
  9079 | D:8      | Noticed a manticore
  9085 | D:8      | Killed a manticore
  9085 | D:8      | Reached *** piety under Makhleb
  9847 | D:9      | Noticed a deep elf pyromancer
  9853 | D:9      | Noticed an eight-headed hydra
  9857 | D:9      | Killed a deep elf pyromancer
  9858 | D:9      | Reached skill level 1 in Shields
 10024 | D:9      | Killed an eight-headed hydra
 10029 | D:9      | Identified the +1 leather armour "Ticeanyh" {Dex+2}
 10157 | D:9      | Noticed Erica
 10158 | D:9      | Noticed Grum
 10163 | D:9      | Noticed Harold
 10169 | D:9      | Killed Grum
 10171 | D:9      | Killed Erica
 10179 | D:9      | Killed Harold
 10244 | D:9      | Found a basalt altar of Yredelemnul.
 10304 | D:9      | Found a white marble altar of Elyvilon.
 10334 | D:9      | Reached skill level 10 in Fighting
 10402 | D:9      | Found a staircase to the Lair.
 10708 | Lair:1   | Entered Level 1 of the Lair of Beasts
 10713 | Lair:1   | Noticed Maggie
 10720 | Lair:1   | Reached XP level 12. HP: 74/91 MP: 0/0
 10721 | Lair:1   | Reached skill level 5 in Dodging
 10721 | Lair:1   | Reached **** piety under Makhleb
 10734 | Lair:1   | Killed Maggie
 10743 | Lair:1   | Reached skill level 5 in Shields
 10817 | Lair:1   | Noticed Nergalle
 10838 | Lair:1   | Killed Nergalle
 11169 | Lair:1   | Identified the ring of the Sky {Wiz rC++ rN+ rCorr}
 11608 | Lair:2   | Found a staircase to the Shoals.
 11614 | Lair:2   | Reached XP level 13. HP: 74/99 MP: 0/0
 11614 | Lair:2   | Learned a level 5 spell: Fireball
 11615 | Lair:2   | Noticed a six-headed hydra
 11619 | Lair:2   | Killed a six-headed hydra
 11634 | Lair:2   | Noticed a seven-headed hydra
 11638 | Lair:2   | Killed a seven-headed hydra
 11689 | Lair:2   | Reached ***** piety under Makhleb
 12046 | Lair:2   | Found a staircase to the Snake Pit.
 12712 | Lair:3   | Identified the +0 leather armour of the Spheres {^Drain rN+
                  | Will+++ Stlth+}
 12825 | Lair:3   | Noticed a seven-headed hydra
 12826 | Lair:3   | Killed a seven-headed hydra
 12933 | Lair:3   | Noticed a seven-headed hydra
 12937 | Lair:3   | Killed a seven-headed hydra
 13148 | Lair:3   | Noticed Nessos
 13160 | Lair:3   | Killed Nessos
 13878 | Lair:4   | Reached XP level 14. HP: 101/107 MP: 0/0
 14359 | Lair:4   | Identified the +6 glaive of Arcadian Forgiveness {freeze,
                  | rC+}
 14662 | Lair:5   | Entered Level 5 of the Lair of Beasts
 14879 | Lair:5   | Reached ****** piety under Makhleb
 14947 | Lair:5   | Reached skill level 10 in Dodging
 15241 | Lair:5   | Reached XP level 15. HP: 111/114 MP: 0/0
 15241 | Lair:5   | Learned a level 6 spell: Sculpt Simulacrum
 15673 | Lair:5   | Found a viscous altar of Jiyva.
 15675 | Lair:5   | Found a staircase to the Slime Pits.
 16199 | Lair:5   | Reached skill level 10 in Shields
 16541 | D:10     | Entered Level 10 of the Dungeon
 16680 | D:10     | Noticed Josephine
 16684 | D:10     | Killed Josephine
 16732 | D:10     | Found a staircase to the Orcish Mines.
 16932 | D:10     | Identified the ring of the Blushing Traitor {rPois Will++}
 17139 | Orc:1    | Entered Level 1 of the Orcish Mines
 17139 | Orc:1    | Noticed Erolcha
 17140 | Orc:1    | Noticed Fannar
 17146 | Orc:1    | Killed Erolcha
 17148 | Orc:1    | Killed Fannar
 17370 | Orc:2    | Entered Level 2 of the Orcish Mines
 17380 | Orc:2    | Noticed an orc warlord
 17389 | Orc:2    | Killed an orc warlord
 17576 | Orc:2    | Noticed an orc warlord
 17578 | Orc:2    | Found a staircase to the Elven Halls.
 17588 | Orc:2    | Killed an orc warlord
 17674 | Orc:2    | Reached XP level 16. HP: 70/122 MP: 0/0
 17885 | Orc:2    | Found Beebamm's General Store.
 17895 | Orc:2    | Bought a potion of curing for 36 gold pieces
 18068 | Orc:2    | Found Cubadukh's Antique Armour Emporium.
 18074 | Orc:2    | Bought a distressingly furry robe for 216 gold pieces
 18074 | Orc:2    | Identified the +1 robe of the Tundras {Harm Rampage rC-
                  | Dex-2} (You bought it in a shop on level 2 of the Orcish
                  | Mines)
 18262 | Orc:2    | Found Rogoxt's Antique Weapon Emporium.
 18276 | Orc:2    | Found Gontih's Jewellery Emporium.
 18484 | Orc:1    | Reached skill level 15 in Spellcasting
 18484 | Orc:1    | Reached skill level 15 in Conjurations
 18484 | Orc:1    | Reached skill level 15 in Hexes
 18484 | Orc:1    | Reached skill level 15 in Summonings
 18484 | Orc:1    | Reached skill level 15 in Necromancy
 18484 | Orc:1    | Reached skill level 15 in Translocations
 18484 | Orc:1    | Reached skill level 15 in Fire Magic
 18484 | Orc:1    | Reached skill level 15 in Ice Magic
 18484 | Orc:1    | Reached skill level 15 in Air Magic
 18484 | Orc:1    | Reached skill level 15 in Earth Magic
 18484 | Orc:1    | Reached skill level 15 in Alchemy
 18609 | Orc:1    | Found Danupal's Firing Range.
 19449 | D:11     | Noticed Amaemon
 19452 | D:11     | Killed Amaemon
 19558 | D:11     | Found Koxkor's Distillery.
 19565 | D:11     | Bought a potion of heal wounds for 70 gold pieces
 19565 | D:11     | Bought a potion of brilliance for 56 gold pieces
 19565 | D:11     | Bought a potion of invisibility for 112 gold pieces
 19565 | D:11     | Bought 2 potions of heal wounds for 140 gold pieces
 19565 | D:11     | Bought a potion of enlightenment for 70 gold pieces
 19565 | D:11     | Bought a potion of attraction for 42 gold pieces
 20244 | D:12     | Found an iron altar of Okawaru.
 20474 | D:13     | Found Jimpoimn's Magic Scroll Shop.
 20481 | D:13     | Bought a scroll of immolation for 56 gold pieces
 20481 | D:13     | Bought a scroll of teleportation for 42 gold pieces
 20481 | D:13     | Bought a scroll of teleportation for 42 gold pieces
 20481 | D:13     | Bought 3 scrolls of fog for 168 gold pieces
 20481 | D:13     | Bought a scroll of teleportation for 42 gold pieces
 20481 | D:13     | Bought a scroll of poison for 56 gold pieces
 20481 | D:13     | Bought a scroll of immolation for 56 gold pieces
 21329 | D:13     | Found a gate to the Vaults.
 21744 | D:14     | Found the +4 Cigotuvi's embrace {Corpsefed rMiasma ^Drain
                  | rN+}
 22425 | D:15     | Entered Level 15 of the Dungeon
 22571 | D:15     | Identified the +5 chain mail "Gefymear" {Fly rF+ Dex+2}
 22742 | D:15     | Reached XP level 17. HP: 112/130 MP: 0/0
 22742 | D:15     | Learned a level 6 spell: Plasma Beam
 22757 | D:15     | Found a staircase to the Depths.
 23162 | Snake:1  | Entered Level 1 of the Snake Pit
 23243 | Snake:1  | You are sucked into a shaft and drop 1 floor!
 23393 | Snake:2  | Reached skill level 15 in Fighting
 23792 | Snake:1  | Identified the +1 halberd "Djinni's Foe" {heavy, *Slow
                  | rElec rC++ Int+2}
 23908 | Snake:1  | Identified the +1 robe of Mezcal {-Cast rElec Will+ Regen+}
 24662 | Snake:2  | Identified a scroll of acquirement
 24663 | Snake:2  | Acquired 1101 gold pieces
 24920 | Snake:3  | Noticed Saint Roka
 25113 | Snake:3  | Killed Saint Roka
 25154 | Snake:3  | Reached XP level 18. HP: 52/138 MP: 0/0
 25670 | Snake:4  | Entered Level 4 of the Snake Pit
 26226 | Snake:3  | Upgraded the game from 0.31.0-7-gf635a9b802 to
                  | 0.31.0-9-g3a7656b989
 26656 | Snake:4  | Got a serpentine rune of Zot
 26952 | Shoals:1 | Entered Level 1 of the Shoals
 27088 | Shoals:1 | Noticed Jorgrun
 27093 | Shoals:1 | Killed Jorgrun
 27232 | Shoals:1 | Found Egretiq's Assorted Antiques.
 27243 | Shoals:1 | Bought a runed emerald amulet for 185 gold pieces
 27440 | Shoals:1 | Found Voschiasm's Armour Shop.
 27722 | Shoals:2 | Noticed Ilsuiw
 27729 | Shoals:2 | Killed Ilsuiw
 27732 | Shoals:2 | Reached skill level 15 in Dodging
 27732 | Shoals:2 | Reached XP level 19. HP: 114/145 MP: 0/0
 27732 | Shoals:2 | Learned a level 6 spell: Bombard
 28188 | Shoals:2 | Identified the +3 scale mail "Ythob" {Rampage Fly Int-4}
 28958 | Shoals:3 | Noticed Polyphemus
 28967 | Shoals:3 | Killed Polyphemus
 29303 | Shoals:4 | Entered Level 4 of the Shoals
 29477 | Shoals:4 | Found a glowing golden altar of the Shining One.
 29477 | Shoals:4 | Identified the +7 rapier of the Peculiar Dances {freeze,
                  | Int+3 Dex-4 SInv}
 29781 | Shoals:4 | Got a barnacled rune of Zot
 29887 | Shoals:4 | Found a glowing silver altar of Zin.
 29904 | Shoals:4 | Reached XP level 20. HP: 142/154 MP: 0/0
 30281 | Vaults:1 | Entered Level 1 of the Vaults
 30615 | Vaults:1 | Found the +7 hand cannon "Mule" {flame, backblast, rF+}
 31146 | Vaults:1 | You are sucked into a shaft and drop 1 floor!
 31149 | Vaults:2 | Reached skill level 15 in Shields
 31411 | Vaults:2 | Found a flickering gateway to a bazaar.
 31417 | Bazaar   | Entered a bazaar
 31419 | Bazaar   | Found Laufuxorun's Antique Armour Boutique.
 31423 | Bazaar   | Found Jiclom's General Store.
 31423 | Bazaar   | Found Yxystris's Book Boutique.
 31424 | Bazaar   | Found Riaruq's Book Boutique.
 31434 | Bazaar   | Bought a scroll of teleportation for 27 gold pieces
 31434 | Bazaar   | Bought a scroll of teleportation for 27 gold pieces
 31585 | Vaults:2 | Identified the +2 ring mail of Byufoock {rElec rF+ Str-3}
 31803 | Vaults:2 | Reached XP level 21. HP: 148/161 MP: 0/0
 31803 | Vaults:2 | Learned a level 8 spell: Infestation
 33094 | Vaults:3 | Found a staircase to the Crypt.
 33756 | Vaults:3 | Noticed Zenata
 33760 | Vaults:3 | Killed Zenata
 34232 | Vaults:4 | Found Didod's Weapon Shop.
 34246 | Vaults:4 | Reached XP level 22. HP: 169/169 MP: 0/0
 35387 | Elf:1    | Entered Level 1 of the Elven Halls
 35721 | Elf:1    | Found a flickering gateway to a bazaar.
 35728 | Bazaar   | Entered a bazaar
 35728 | Bazaar   | Found Vyifuor's Distillery.
 35728 | Bazaar   | Found Busixt's Armour Boutique.
 35728 | Bazaar   | Found Veonucs's Weapon Shoppe.
 35728 | Bazaar   | Found Suyd's Distillery.
 35730 | Bazaar   | Found Axume's Antique Weapon Shop.
 35764 | Bazaar   | Bought the +2 pair of gloves "Weklyvaa" {Harm rF+ Str+5
                  | Int-3} for 327 gold pieces
 35777 | Bazaar   | Bought a potion of heal wounds for 55 gold pieces
 35777 | Bazaar   | Bought a potion of heal wounds for 55 gold pieces
 35777 | Bazaar   | Bought a potion of resistance for 110 gold pieces
 35786 | Bazaar   | Bought a potion of curing for 27 gold pieces
 35786 | Bazaar   | Bought a potion of haste for 90 gold pieces
 35786 | Bazaar   | Bought a potion of brilliance for 36 gold pieces
 35786 | Bazaar   | Bought a potion of brilliance for 36 gold pieces
 35786 | Bazaar   | Bought a potion of mutation for 72 gold pieces
 36971 | Elf:2    | Found a runed translucent gate.
 36972 | Elf:2    | Found a runed translucent gate.
 36972 | Elf:2    | Found a runed translucent gate.
 36998 | Elf:2    | Reached XP level 23. HP: 93/176 MP: 0/0
 36998 | Elf:2    | Learned a level 7 spell: Ozocubu's Refrigeration
 37368 | Elf:3    | Entered Level 3 of the Elven Halls
 37500 | Elf:3    | Noticed Bai Suzhen
 37514 | Elf:3    | Killed Bai Suzhen
 38122 | Elf:3    | Found the +10 Black Knight's barding {ponderous, rPois rN+}
 38123 | Elf:3    | Identified the +4 great sword "Ronedyff" {flame, Str+3}
 38171 | Elf:3    | Identified the ring "Zenlunopt" {rC+ rN+++ Dex+5}
 38181 | Elf:3    | Identified the +1 leather armour of Polish {rElec}
 38406 | Elf:3    | Found Orhydun's Weapon Shop.
 38759 | Slime:1  | Entered Level 1 of the Pits of Slime
 38785 | Lair:5   | Annihilated by a rockslime

Illustrated notes

Levels and vault maps discovered:
D:1:      psy_arrival_whirlpool, layout_loops_ring, serial_shops,
          nicolae_shop_competitors_out_of_business
D:2:      layout_basic
D:3:      layout_loops_ring, led_sif_pool, uniq_sigmund, uniq_ijyb
D:4:      minmay_octagon_keep, layout_basic, mainiacjoe_overflow_catwalk_spiral,
          minmay_temple_entry_proselytizer, cheibrodos_sewer_entry_bend
D:5:      layout_cave_pods, minmay_misc_feat_secret_circle,
          hangedman_decor_slide_cut
D:6:      layout_rooms, lemuel_crystal_altar, nicolae_overflow_hidden_temple,
          minmay_pentangle, uniq_blork_the_orc, uniq_pikel, uniq_eustachio
D:7:      layout_cave_pods, uniq_joseph
D:8:      minmay_the_grid_four_pointed_star
          [minmay_the_grid_triangle_9x9_dagger,
          minmay_the_grid_triangle_9x9_intruding_spiral,
          minmay_the_grid_triangle_9x9_odd_lines,
          minmay_the_grid_triangle_9x9_minimal,
          minmay_the_grid_prize_diamond_cup], layout_loops_ring,
          mainiacjoe_overflow_alcove_1
D:9:      cheibrodos_elevator_heist, layout_rooms,
          mainiacjoe_overflow_surrounded_room,
          mainiacjoe_overflow_six_doors_small, david_lair_shrubbed,
          kennysheep_big_empty_room, due_unseen_surprise, uniq_harold,
          uniq_erica, uniq_grum
D:10:     layout_loops_cross, erik_orc_4, uniq_josephine
D:11:     layout_gridville, serial_shops, nicolae_shop_trees, uniq_amaemon
D:12:     layout_irregular_city, moated_statue, statue_in_the_mist_lemuel,
          okawaru_trees_1
D:13:     layout_layer_cave, david_vaults_4, serial_shops, nicolae_square_shop,
          kennysheep_generic_room_13
D:14:     layout_irregular_city, hellmonk_guarded_unrand_cigotuvi
D:15:     hangedman_depths_entry_try_elsewhere_first, layout_basic, hex_medium,
          serial_glass, glass_columns_a, glass_columns_c
Temple:   nicolae_temple_two_arcs
Lair:1:   layout_long_grid, infiniplex_staircase_pool, serial_bayou_shore_a,
          grunt_megastairs_3, serial_bayou_shore_b, lemuel_fruit_fields,
          uniq_nergalle, uniq_maggie
Lair:2:   layout_concentric_octagons, nicolae_shoals_entry_roost,
          guppyfry_snake_entry_garden, special_room [special_room_bee],
          beast_lair_carwin_9
Lair:3:   layout_roguey, grunt_megastairs_4, uniq_nessos
Lair:4:   layout_cellular_growth
Lair:5:   wormcave, layout_layer_cave, hangedman_lair_in_review,
          minmay_slime_entry_oklob_enclosed, grunt_megastairs_1
Shoals:1: layout_shoals, serial_shops,
          nicolae_shop_temple_entry_statues_fountains, nicolae_lakefront_shop,
          uniq_jorgrun
Shoals:2: layout_shoals, nicolae_shoals_nautilus_by_nature, uniq_ilsuiw
Shoals:3: layout_shoals, uniq_polyphemus
Shoals:4: shoals_end_hellmonk_holy_island
Snake:1:  layout_grid_maze
Snake:2:  layout_rooms
Snake:3:  layout_misc_corridors, uniq_saint_roka
Snake:4:  snake_pit_salamanders_mu, layout_rooms
Slime:1:  layout_caves
Slime:2:  cheibrodos_slime_lost_civilization_3, layout_caves,
          cheibrodos_slime_lost_civilization_6
Orc:1:    layout_caves, nicolae_shop_firing_range, uniq_fannar, uniq_erolcha
Orc:2:    grunt_orc_cross, layout_diamond_mine
Elf:1:    minmay_elf_arrival_summoners, layout_geoelf_grid, serial_shops,
          bzr_entry_customers, hangedman_elven_crosses_minicolossus,
          st_stairs_13
Elf:2:    nicolae_elf_blades_crystal_corner, layout_geoelf_octagon
Elf:3:    minmay_elf_hall_quartered_circle, layout_geoelf_castle, serial_shops,
          nicolae_shop_trees, dreamdust_wishing_well,
          hangedman_elf_targeted_burst, uniq_bai_suzhen
Vaults:1: nicolae_vaults_octagons, nicolae_vaults_little_squares_3,
          nicolae_vaults_weapon_check, hangedman_vaults_stream,
          serial_library_hellmonk_open_cross, v_misc_19,
          nicolae_vaults_apartment_1, ontoclasm_vaults_hangar, v_misc_4,
          layout_vaults_omnigrid
Vaults:2: nicolae_vaults_rhombus_7, v_pattern_4,
          nicolae_vaults_shipping_containers_5, vaults_room_corners, v_misc_9,
          hangedman_vaults_capsules, nicolae_vaults_little_squares_3, v_misc_13,
          nicolae_vaults_storage_room_doors, layout_vaults_maze_bifur,
          serial_shops, bzr_entry_road
Vaults:3: ontoclasm_vaults_claustrophobia, nicolae_vaults_wine_cellar,
          minmay_crypt_entry_simple_statues, grunt_vaults_focal,
          nicolae_vaults_twisting_passages, nicolae_vaults_storage_closets_1,
          nicolae_vaults_little_squares_3, nicolae_vaults_museum,
          nicolae_vaults_diagonal_hallway_9, nicolae_vaults_little_squares_3,
          v_misc_19, ontoclasm_vaults_decontamination,
          nicolae_vaults_three_branches, layout_vaults_ring, uniq_zenata
Vaults:4: infiniplex_enter_wizlab_water, hangedman_vaults_locks,
          nicolae_vaults_diamond_2, nicolae_vaults_six-pack,
          nicolae_vaults_taking_the_gang_shopping, hangedman_vaults_slice,
          ontoclasm_vaults_twist, nicolae_vaults_cornered_office,
          nicolae_vaults_tetromino_L_1, layout_vaults_chaotic_city

Skill      XL: |  1  2  3  4  5  6  7  8  9 10 11 12 13 14 15 16 17 18 19 20 21 22 23 |
---------------+----------------------------------------------------------------------+-----
Fighting       | 1 3 4 5 7 8 10 11 12 13 14 15 16 17 18 19 | 19.3
Spellcasting   | 4 5 6 8 9 10 11 12 13 14 15 16 17 18 19 20 | 20.5
Conjurations   | 4 5 6 8 9 10 11 12 13 14 15 16 17 18 19 20 | 20.5
Hexes          | 4 5 6 8 9 10 11 12 13 14 15 16 17 18 19 20 | 20.5
Summonings     | 4 5 6 8 9 10 11 12 13 14 15 16 17 18 19 20 | 20.5
Necromancy     | 4 5 6 8 9 10 11 12 13 14 15 16 17 18 19 20 | 20.5
Translocations | 4 5 6 8 9 10 11 12 13 14 15 16 17 18 19 20 | 20.5
Fire Magic     | 4 5 6 8 9 10 11 12 13 14 15 16 17 18 19 20 | 20.5
Ice Magic      | 4 5 6 8 9 10 11 12 13 14 15 16 17 18 19 20 | 20.5
Air Magic      | 4 5 6 8 9 10 11 12 13 14 15 16 17 18 19 20 | 20.5
Earth Magic    | 4 5 6 8 9 10 11 12 13 14 15 16 17 18 19 20 | 20.5
Alchemy        | 4 5 6 8 9 10 11 12 13 14 15 16 17 18 19 20 | 20.5
Shields        | 3 6 8 9 10 11 12 13 14 15 16 17 | 17.4
Dodging        | 4 7 9 10 11 12 14 15 16 17 18 19 | 19.0
Stealth        | |  1.5

Action                     |  1- 3 |  4- 6 |  7- 9 | 10-12 | 13-15 | 16-18 | 19-21 | 22-24 || total
---------------------------+-------+-------+-------+-------+-------+-------+-------+-------++-------
  Melee: Staff             |       |       |       |       |     1 |       |       |       ||     1
   Cast: Magic Dart        |    37 |    19 |    88 |    65 |       |       |       |       ||   209
         Searing Ray       |     9 |     8 |    32 |    41 |    14 |     3 |       |       ||   107
         Fulminant Prism   |       |     2 |    16 |    41 |       |     4 |       |       ||    63
         Iskenderun's Myst |       |    12 |    32 |   141 |   102 |   158 |   199 |   117 ||   761
         Summon Ice Beast  |       |       |     1 |       |       |     1 |       |       ||     2
         Call Canine Famil |       |       |     1 |       |       |       |       |       ||     1
         Fireball          |       |       |       |       |   333 |   379 |   320 |    26 ||  1058
         Call Imp          |       |       |       |       |     1 |       |     1 |       ||     2
         Plasma Beam       |       |       |       |       |       |    60 |    92 |   222 ||   374
         Bombard           |       |       |       |       |       |       |       |     2 ||     2
  Evoke: Wand              |       |       |       |       |     1 |       |       |     1 ||     2
    Use: Scroll            |       |       |    12 |     2 |     7 |     6 |       |     6 ||    33
         Potion            |       |       |       |       |     1 |       |       |     1 ||     2
 Armour: Robe              |     7 |     9 |    45 |    43 |    34 |    92 |    56 |    34 ||   320
  Dodge: Dodged            |     5 |     9 |    28 |    30 |    25 |    40 |    27 |    24 ||   188
  Block: Buckler           |       |       |       |     8 |     2 |       |       |       ||    10
         Kite shield       |       |       |       |       |     6 |    46 |    55 |       ||   107
         Reflection        |       |       |       |       |       |     1 |    36 |    32 ||    69
         Tower shield      |       |       |       |       |       |       |    11 |    85 ||    96
